 Dungeon Crawl Stone Soup version 0.30-a0-335-ge5acde7520 (webtiles) character file.

Game seed: 1780476991975468367

460 billz999 the Skirmisher (level 7, 0/50 (56) HPs)
             Began as a Gnoll Hunter on Oct 31, 2022.
             Was an Initiate of Yredelemnul.
             Slain by a wight
             ... wielding a +4 mace
              (12 damage)
             ... on level 3 of the Dungeon.
             The game lasted 00:05:26 (2522 turns).

billz999 the Skirmisher (Gnoll Hunter)              Turns: 2522, Time: 00:05:27

HP:   0/50 (56)     AC:  4    Str: 11    XL:     7   Next: 7%
MP:   0/10          EV: 14    Int:  8    God:    Yredelemnul [......]
Gold: 163           SH:  0    Dex: 17    Spells: 10/10 levels left

rFire   . . .      SeeInvis +    a - +0 shortbow
rCold   . . .      Faith    .    (shield currently unavailable)
rNeg    . . .      Spirit   +    c - +0 leather armour
rPois   .          Reflect  .    p - +1 hat
rElec   .          Harm     .    (no cloak)
rCorr   .          Rampage  .    (no gloves)
Will    .....                    (no boots)
Stlth   ++........               t - amulet of guardian spirit
HPRegen 0.28/turn                s - ring of wizardry
MPRegen 0.12/turn                u - ring of see invisible

@: heavily drained
A: fangs 1, strong nose, distributed training
a: Renounce Religion, Recall Undead Harvest


You were on level 3 of the Dungeon.
You worshipped Yredelemnul.
Yredelemnul was noncommittal.
You visited 1 branch of the dungeon, and saw 4 of its levels.

You collected 163 gold pieces.

Inventory:

Hand Weapons
 a - a +0 shortbow (weapon)
 e - a +1 mace of holy wrath
Missiles
 l - 6 javelins
Armour
 c - a +0 leather armour (worn)
 j - a +0 helmet
 p - a +1 hat (worn)
Jewellery
 s - a ring of wizardry (left hand)
 t - an amulet of guardian spirit (around neck)
 u - a ring of see invisible (right hand)
Scrolls
 b - a scroll of immolation
 g - a scroll of torment {unknown}
 h - a scroll of butterflies {unknown}
 i - a scroll of vulnerability {unknown}
 k - 2 scrolls of identify {unknown}
 o - 3 scrolls of teleportation {unknown}
Potions
 f - a potion of flight {unknown}
 m - a potion of cancellation {unknown}
 n - a potion of brilliance {unknown}
 q - a potion of heal wounds {unknown}
 r - a potion of degeneration {unknown}


   Skills:
 + Level 5.1 Fighting
 + Level 2.3 Short Blades
 + Level 2.3 Long Blades
 + Level 2.3 Axes
 + Level 2.3 Maces & Flails
 + Level 2.3 Polearms
 + Level 2.3 Staves
 + Level 8.9 Ranged Weapons
 + Level 2.3 Throwing
 + Level 2.3 Armour
 + Level 5.1 Dodging
 + Level 3.3 Stealth
 + Level 2.3 Shields
 + Level 2.3 Unarmed Combat
 + Level 2.3 Spellcasting
 + Level 1.9 Conjurations
 + Level 1.9 Hexes
 + Level 1.9 Summonings
 + Level 1.9 Necromancy
 + Level 1.9 Translocations
 + Level 1.9 Transmutations
 + Level 1.9 Fire Magic
 + Level 1.9 Ice Magic
 + Level 1.9 Air Magic
 + Level 1.9 Earth Magic
 + Level 1.9 Poison Magic
 + Level 2.5 Invocations
 + Level 2.3 Evocations


You had 10 spell levels left.
You didn't know any spells.
Your spell library contained the following spells:

 Spells                   Type           Power      Damage    Failure   Level
 Fulminant Prism          Conj/Hex       2%         3d5       58%         4
 Alistair's Intoxication  Tmut/Pois      2%         N/A       89%         5
 Yara's Violent Unravell  Hex/Tmut       2%         3d3       89%         5


Dungeon Overview and Level Annotations

Branches:
Dungeon (4/15)             Temple (0/1) D:4

Altars:
Yredelemnul

Annotations:
D:2 1 runed translucent door, Crazy Yiuf, Sigmund
D:3 3 runed translucent doors, timneilson's ghost, amateur GrFi


Innate Abilities, Weirdness & Mutations

You have very sharp teeth.
Your uncanny sense of smell can sniff out nearby items.
Your experience applies equally to all skills.


Message History

The wight attacks as you move away! The wight barely misses you.
You swap places.
The wight hits your orc zombie with a +4 mace!
Your orc zombie is destroyed!
The wight hits your goblin zombie with a +4 mace!
Your goblin zombie is destroyed!
You shoot an arrow.
The arrow hits the wight but does no damage.
You shoot an arrow.
The arrow hits the wight but does no damage.
There is a stone staircase leading up here.
The wight hits you with a +4 mace!
You feel drained.
You climb upwards.
Level annotation: 3 runed translucent doors, timneilson's ghost, amateur GrFi
There is a stone staircase leading down here.
You shoot an arrow. The arrow hits the wight!
The wight is heavily damaged.
The wight hits you with a +4 mace.
You shoot an arrow.
The arrow hits the wight but does no damage.
The wight is heavily damaged.
The wight misses you.
You shoot an arrow. The arrow completely misses the wight.
The wight misses you. The wight hits you with a +4 mace!
You feel drained.
Okay, then.
As you read the scroll labelled ZOUQ YKEMISIT, it crumbles to dust.
You hear a loud clanging noise!
It was a scroll of noise.
The wight hits you with a +4 mace!
* * * LOW HITPOINT WARNING * * *
You feel drained.
* * * LOW HITPOINT WARNING * * *
You shoot an arrow.
The arrow hits the wight but does no damage.
The wight is heavily damaged.
The wight barely misses you.
You shoot an arrow. The arrow hits the wight.
The wight is heavily damaged.
The wight hits you with a +4 mace!
You die...
Your body rises from the dead as a mindless zombie.

#............##...#
#..#....
#............##...#
####..#####
#........÷...##...###.....#
#.#########..##.......###.#
#.# #...#.........#.# #.#
#.#.#...#####.#.# #.#
#.#..#..# #.#.# #.#
###.##....# #.#.# #.#
#....z@##.# #.#.# #.#
#.#.......# #†#.# ##.#
#.#############.#.# ##..#
#.# #..........#.# ...##
#.####.#######..#.# ####
#......# #...#.# #.######
#..##.# ### #.....#####
#..........


You could see a wight.

Vanquished Creatures
  A phantom (D:4)
  2 necrophages (D:4)
  A scorpion (D:4)
  Natasha (thrice) (D:3)
  An orc wizard (D:3)
  3 gnolls
  3 adders (D:2)
  2 worms (D:3)
  A dart slug (D:2)
  5 orcs
  6 ball pythons
  4 endoplasms
  A giant cockroach (D:3)
  5 goblins
  3 hobgoblins
  A quokka (D:3)
  3 bats
  4 kobolds
  4 rats
  A spectral orc (D:3)
54 creatures vanquished.

Vanquished Creatures (collateral kills)
  A kobold (D:4)
1 creature vanquished.

Vanquished Creatures (others)
  A felid zombie (D:3)
  2 goblin zombies (D:4)
  A hobgoblin zombie (D:4)
  An orc zombie (D:4)
  3 plants (D:1)
8 creatures vanquished.

Grand Total: 63 creatures vanquished

Notes
Turn   | Place    | Note
-------+----------+-------------------------------------------
     0 | D:1      | billz999 the Gnoll Hunter began the quest for the Orb.
     0 | D:1      | Reached XP level 1. HP: 20/20 MP: 1/1
     5 | D:1      | Got Sorcheog's Handbook of Contamination and Ensorcelling
   689 | D:2      | Reached XP level 2. HP: 26/26 MP: 2/2
   774 | D:2      | Reached XP level 3. HP: 31/31 MP: 3/3
   821 | D:2      | Reached skill level 1 in Invocations
   881 | D:2      | Found a runed translucent door.
   882 | D:2      | Noticed Crazy Yiuf
   999 | D:2      | Noticed Sigmund
  1029 | D:1      | Reached skill level 1 in Short Blades
  1029 | D:1      | Reached skill level 1 in Long Blades
  1029 | D:1      | Reached skill level 1 in Axes
  1029 | D:1      | Reached skill level 1 in Maces & Flails
  1029 | D:1      | Reached skill level 1 in Polearms
  1029 | D:1      | Reached skill level 1 in Staves
  1029 | D:1      | Reached skill level 1 in Throwing
  1029 | D:1      | Reached skill level 1 in Armour
  1029 | D:1      | Reached skill level 1 in Shields
  1029 | D:1      | Reached skill level 1 in Unarmed Combat
  1029 | D:1      | Reached skill level 1 in Spellcasting
  1029 | D:1      | Reached skill level 1 in Evocations
  1139 | D:3      | Reached XP level 4. HP: 34/38 MP: 5/5
  1254 | D:3      | Reached skill level 1 in Conjurations
  1254 | D:3      | Reached skill level 1 in Hexes
  1254 | D:3      | Reached skill level 1 in Summonings
  1254 | D:3      | Reached skill level 1 in Necromancy
  1254 | D:3      | Reached skill level 1 in Translocations
  1254 | D:3      | Reached skill level 1 in Transmutations
  1254 | D:3      | Reached skill level 1 in Fire Magic
  1254 | D:3      | Reached skill level 1 in Ice Magic
  1254 | D:3      | Reached skill level 1 in Air Magic
  1254 | D:3      | Reached skill level 1 in Earth Magic
  1254 | D:3      | Reached skill level 1 in Poison Magic
  1349 | D:3      | Noticed Natasha
  1353 | D:3      | Killed Natasha
  1678 | D:3      | Reached XP level 5. HP: 43/43 MP: 7/7
  1798 | D:3      | Found a basalt altar of Yredelemnul.
  1843 | D:3      | Noticed Natasha
  1855 | D:3      | Killed Natasha
  1893 | D:3      | Became a worshipper of Yredelemnul the Dark
  1910 | D:3      | Noticed Natasha
  1914 | D:3      | Killed Natasha
  1998 | D:3      | Found a runed translucent gate.
  1999 | D:3      | Found a runed translucent gate.
  2000 | D:3      | Found a runed translucent gate.
  2002 | D:3      | Noticed timneilson's ghost (amateur GrFi)
  2101 | D:3      | Your ally Natasha died
  2267 | D:4      | Noticed a phantom
  2271 | D:4      | Killed a phantom
  2272 | D:4      | Reached skill level 5 in Fighting
  2272 | D:4      | Reached skill level 5 in Dodging
  2272 | D:4      | Reached XP level 6. HP: 51/51 MP: 7/9
  2397 | D:4      | Found a staircase to the Ecumenical Temple.
  2412 | D:4      | Reached XP level 7. HP: 56/56 MP: 10/10
  2522 | D:3      | Slain by a wight

Illustrated notes

Levels and vault maps discovered:
D:1:      dpeg_arrival_ternary, layout_loops_ring, serial_forest,
          infiniplex_forest_clump_medium, infiniplex_forest_end_1,
          infiniplex_forest_clump_long, infiniplex_forest_lined_room_2,
          infiniplex_forest_corner_1
D:2:      layout_rooms, serial_shops, nicolae_shop_hallway_plus,
          uniq_crazy_yiuf_cottage, uniq_sigmund
D:3:      layout_basic, yredelemnul_forgotten_temple_becter,
          biasface_ghost_orc_armoury, palyth_stone_intersect, uniq_natasha
D:4:      layout_loops_cross, minmay_temple_entry_stoned_glass,
          kennysheep_generic_room_16

Skill      XL: |  1  2  3  4  5 |
---------------+----------------+-----
Invocations    | 1 2 |  2.5
Short Blades   | 1 2 |  2.3
Long Blades    | 1 2 |  2.3
Axes           | 1 2 |  2.3
Maces & Flails | 1 2 |  2.3
Polearms       | 1 2 |  2.3
Staves         | 1 2 |  2.3
Throwing       | 1 2 |  2.3
Armour         | 1 2 |  2.3
Shields        | 1 2 |  2.3
Unarmed Combat | 1 2 |  2.3
Spellcasting   | 1 2 |  2.3
Evocations     | 1 2 |  2.3
Conjurations   | 1 |  1.9
Hexes          | 1 |  1.9
Summonings     | 1 |  1.9
Necromancy     | 1 |  1.9
Translocations | 1 |  1.9
Transmutations | 1 |  1.9
Fire Magic     | 1 |  1.9
Ice Magic      | 1 |  1.9
Air Magic      | 1 |  1.9
Earth Magic    | 1 |  1.9
Poison Magic   | 1 |  1.9
Fighting       | 5 |  5.1
Dodging        | 5 |  5.1
Stealth        | 3 |  3.3
Ranged Weapons | |  8.9

Action                   |  1- 3 |  4- 6 |  7- 9 || total
-------------------------+-------+-------+-------++-------
 Fire: Shortbow          |    61 |   129 |     8 ||   198
  Use: Potion            |       |     1 |       ||     1
       Scroll            |       |       |     1 ||     1
Armor: Leather armour    |     2 |    13 |       ||    15
Dodge: Dodged            |    16 |    34 |     4 ||    54

Table legend: (Time is in decaauts)
 A = Elapsed time spent in this place.
 B = Non-inter-level travel time spent in this place.
 C = Inter-level travel time spent in this place.
 D = Time resting spent in this place.
 E = Time spent auto-exploring this place.
 F = Levels seen in this place.
 G = Mean time per level.
                   A        B        C        D        E       F      G
               +--------+--------+--------+--------+--------+-----+--------+
         Total |   2561 |   2324 |    237 |      9 |   1872 |   4 |  640.2 |
       Dungeon |   2561 |   2324 |    237 |      9 |   1872 |   4 |  640.2 |
               +--------+--------+--------+--------+--------+-----+--------+

Top non-repeatable levels by time:
     D:3: 1164 daAuts
     D:1: 769 daAuts
     D:2: 369 daAuts
     D:4: 257 daAuts
